details: 'fafe'

« prev index next »

General information

Mini Map

Players

team 1
Random» Undeadboli (red | 127 APM | 1430 actions | 11:15)
Hero icon 3 Death Knight
Ability icon 2 Death Coil
Ability icon 1 Unholy Aura
Hero icon 2 Lich
Ability icon 1 Frost Nova
Ability icon 1 Dark Ritual
Hero icon 1 Dreadlord
Ability icon 1 Sleep

» actions
Assign group hotkey18
Basic commands44
Build / train39
ESC pressed1
Enter build submenu18
Enter hero's abilities submenu6
Give item / drop item5
Right click641
Select / deselect258
Select group hotkey358
Use ability42
1430 total
» units
Acolyte2
Ghoul6
Crypt Fiend5
Frost Wyrm2
15 total
» upgrades
Web1
Creature Attack1
Burrow1
3 total
» buildings
Crypt1
Altar of Darkness1
Ziggurat6
Tomb of Relics1
Halls of the Dead2
Graveyard1
Black Citadel1
Sacrificial Pit1
Boneyard1
15 total
» build order
00:05 Crypt
00:07 Altar of Darkness
00:23 Ziggurat
01:00 Tomb of Relics
01:29 Ziggurat
02:54 Halls of the Dead
02:54 Halls of the Dead
03:42 Graveyard
03:47 Ziggurat
05:32 Black Citadel
06:15 Ziggurat
07:50 Sacrificial Pit
08:42 Boneyard
09:19 Ziggurat
11:13 Ziggurat
» items
Rod of Necromancy2
Boots of Speed1
Orb of Corruption1
4 total
team 2
UndeadXxWinterxX (teal | 89 APM | 999 actions | 11:14)
Hero icon 2 Death Knight
Ability icon 1 Death Coil
Ability icon 1 Unholy Aura
Hero icon 2 Lich
Ability icon 1 Frost Nova
Ability icon 1 Frost Armor

» actions
Assign group hotkey18
Build / train30
ESC pressed1
Enter build submenu14
Enter hero's abilities submenu4
Right click663
Select / deselect154
Select group hotkey73
Use ability42
999 total
» units
Acolyte3
Ghoul3
Crypt Fiend6
Obsidian Statue1
13 total
» upgrades
Burrow1
Creature Attack1
Web1
3 total
» buildings
Ziggurat6
Altar of Darkness1
Crypt1
Tomb of Relics1
Nerubian Tower2
Graveyard1
Halls of the Dead1
Black Citadel1
Slaughterhouse1
Sacrificial Pit1
16 total
» build order
00:04 Ziggurat
00:07 Altar of Darkness
00:10 Crypt
00:57 Tomb of Relics
01:05 Nerubian Tower
01:46 Ziggurat
02:57 Graveyard
03:16 Halls of the Dead
05:47 Ziggurat
05:48 Ziggurat
06:34 Black Citadel
06:37 Slaughterhouse
06:41 Ziggurat
06:44 Nerubian Tower
08:24 Sacrificial Pit
08:40 Ziggurat
» items
Rod of Necromancy1
Orb of Corruption1
2 total